 Dungeon Crawl Stone Soup version 0.20.1-1-g8b1a95d (webtiles) character file.

142 jmlagarto the Slasher (level 5, -1/45 HPs)
             Began as a Hill Orc Skald on Sept 15, 2017.
             Slain by a gnoll
             ... wielding a +0 spear
              (8 damage)
             ... on level 3 of the Dungeon.
             The game lasted 00:09:09 (2093 turns).

jmlagarto the Slasher (Hill Orc Skald)              Turns: 2093, Time: 00:09:09

Health: -1/45      AC:  5    Str: 15    XL:     5   Next: 25%
Magic:  0/7        EV: 12    Int: 13    God:
Gold:   127        SH:  4    Dex: 10    Spells: 2/7 levels left

rFire    . . .     SeeInvis .   a - +0 falchion
rCold    . . .     Gourm    .   (no shield)
rNeg     . . .     Faith    .   b - +0 leather armour
rPois    .         Spirit   +   (no helmet)
rElec    .         Reflect  +   n - scarf {Spirit}
rCorr    .         Harm     .   m - +1 pair of gloves
MR       .....                  (no boots)
Stlth    +.........             q - +4 amulet of reflection
Regen    0.2/turn               (no ring)
MPRegen  0.1/turn               (no ring)

@: hasted, very quick
A: no striking features
a: no special abilities


You were on level 3 of the Dungeon.
You were not hungry.

You visited 1 branch of the dungeon, and saw 3 of its levels.

You collected 127 gold pieces.

Inventory:

Hand Weapons
 a - a +0 falchion (weapon)
Armour
 b - a +0 leather armour (worn)
 m - a +1 pair of gloves (worn)
 n - a scarf of spirit shield (worn)
Jewellery
 q - a +4 amulet of reflection (around neck)
Scrolls
 k - 3 scrolls of identify
Potions
 g - 2 potions of brilliance
 l - a potion of curing
 o - a potion of lignification {unknown}
Books
 c - a book of Battle

   Spells                             Type                      Level
   a - Infusion                       Charms                       1
   b - Shroud of Golubria             Charms/Translocation         2
   c - Song of Slaying                Charms                       2
   d - Spectral Weapon                Hexes/Charms                 3
   e - Regeneration                   Charms/Necromancy            3
Comestibles
 d - 2 meat rations
 h - 3 royal jellies
 p - a bread ration
 s - 5 fruits


   Skills:
 + Level 3.0 Fighting
 + Level 3.5 Long Blades
 + Level 2.5 Armour
 + Level 2.1 Dodging
 + Level 0.3 Stealth
 + Level 1.9 Spellcasting
 + Level 3.2 Charms


You had 2 spell levels left.
You knew the following spells:

 Your Spells              Type           Power        Failure   Level  Hunger
a - Infusion              Chrm           #...         9%          1    ##.....
b - Song of Slaying       Chrm           #.......     13%         2    ###....
c - Shroud of Golubria    Chrm/Tloc      #.........   24%         2    ###....


Dungeon Overview and Level Annotations

Branches:
Dungeon (3/15)

Altars:
Uskayaw


Message History

It was a potion of cancellation.
Your magical effects are unravelling.
You feel magically purged.
You are no longer magically infusing your attacks.
The gnoll hits you with a halberd.
* * * LOW HITPOINT WARNING * * *
The gnoll closely misses you. You block the gnoll's attack.
The gnoll closely misses you.
You riposte.
You hit the gnoll but do no damage.
It was a potion of haste.
You feel yourself speed up. The gnoll barely misses you.
You riposte.
You completely miss the gnoll.
The gnoll is moderately wounded.
The gnoll hits you from afar with a spear.
* * * LOW HITPOINT WARNING * * *
The gnoll closely misses you. You block the gnoll's attack.
You aren't carrying any items that you can evoke.
It was a potion of curing.
You feel better. The gnoll barely misses you.
The gnoll barely misses you. x2; The gnoll hits you with a spear.
* * * LOW HITPOINT WARNING * * *
The gnoll barely misses you. x2; The gnoll hits you with a spear!
You die...

#.# #.###... ...#.#.≈
#.# #.##...##(..# # ≈
#.# #.##....(.... #.#
#.##....#.....
#.#######.###......#
#...........#.#....##
#########.#...ggg....
#.....g....#.
#####@###.## #.# #
#.. #.## #.# #.# #.#
#.#


You could see 4 gnolls.

Vanquished Creatures
  Natasha (thrice) (D:2)
  2 adders (D:2)
  An ooze (D:2)
  3 dart slugs (D:1)
  A leopard gecko (D:3)
  An orc (D:3)
  8 goblins
  2 hobgoblins
  4 jackals (D:1)
  4 kobolds
  4 bats
  2 frilled lizards
  6 rats
41 creatures vanquished.

Notes
Turn   | Place    | Note
-------+----------+-------------------------------------------
     0 | D:1      | jmlagarto the Hill Orc Skald began the quest for the Orb.
     0 | D:1      | Reached XP level 1. HP: 18/18 MP: 3/3
    91 | D:1      | Reached XP level 2. HP: 25/25 MP: 4/4
    95 | D:1      | Learned a level 2 spell: Song of Slaying
   668 | D:1      | Reached XP level 3. HP: 22/30 MP: 0/5
   896 | D:1      | Learned a level 2 spell: Shroud of Golubria
  1165 | D:2      | Noticed Natasha
  1171 | D:2      | Killed Natasha
  1171 | D:2      | Reached XP level 4. HP: 13/37 MP: 1/6
  1415 | D:2      | Noticed Natasha
  1423 | D:2      | Killed Natasha
  1466 | D:2      | Noticed Natasha
  1490 | D:2      | Killed Natasha
  1493 | D:2      | Reached XP level 5. HP: 16/44 MP: 2/7
  1746 | D:2      | Found a hide-covered altar of Uskayaw.
  2090 | D:3      | HP: 2/45 [gnoll/spear (4)]
  2093 | D:3      | Slain by a gnoll

Skill      XL: |  1  2  3  4  5 |
---------------+----------------+-----
Charms         | 3 |  3.2
Armour         | 2 |  2.5
Dodging        | 2 |  2.1
Long Blades    | 3 |  3.5
Fighting       | 3 |  3.0
Stealth        | |  0.3
Spellcasting   | |  1.9

Action                   |  1- 3 |  4- 6 || total
-------------------------+-------+-------++-------
Melee: Falchion          |    80 |    68 ||   148
 Cast: Infusion          |     4 |     3 ||     7
       Shroud of Golubri |       |     1 ||     1
  Use: Potion            |       |     5 ||     5
       Scroll            |       |     3 ||     3
 Stab: Sleeping          |     1 |       ||     1
  Eat: Bread ration      |     1 |       ||     1
Armor: Leather armour    |    30 |    17 ||    47
Dodge: Dodged            |    52 |    52 ||   104
Block: Other             |       |    11 ||    11
       Rpst.: Falchion   |    18 |    15 ||    33
